 Dungeon Crawl Stone Soup version 0.28.0-43-g3370ac3207 (webtiles) character file.

Game seed: 5426582325529856629

307 GilGalad the Magician (level 6, -2/32 HPs)
             Began as a Deep Elf Ice Elementalist on Mar 16, 2022.
             Killed by nerve-wracking pain
             ... invoked by Menkaure
              (9 damage)
             ... on level 4 of the Dungeon.
             The game lasted 00:14:27 (4949 turns).

GilGalad the Magician (Deep Elf Ice Elementalist)   Turns: 4949, Time: 00:14:28

Health: -2/32      AC:  4    Str:  5    XL:     6   Next: 16%
Magic:  11/15      EV: 14    Int: 20    God:
Gold:   137        SH:  0    Dex: 17    Spells: 11/15 levels left

rFire   . . .      SeeInvis .   m - +1 hand axe (elec)
rCold   . . .      Faith    .   (no shield)
rNeg    . . .      Spirit   .   a - +0 robe
rPois   .          Reflect  .   f - +1 hat
rElec   .          Harm     .   (no cloak)
rCorr   .          Rampage  .   i - +0 pair of gloves
Will    .....                   (no boots)
Stlth   +++.......              (no amulet)
HPRegen 0.10/turn               (no ring)
MPRegen 0.14/turn               (no ring)

@: no status effects
A: no striking features
a: no special abilities


You were on level 4 of the Dungeon.
You visited 1 branch of the dungeon, and saw 4 of its levels.

You collected 137 gold pieces.

Inventory:

Hand Weapons
 k - a +0 dagger
 m - a +1 hand axe of electrocution (weapon)
Missiles
 h - a throwing net
Armour
 a - a +0 robe (worn)
 f - a +1 hat (worn)
 i - a +0 pair of gloves (worn)
Scrolls
 d - 3 scrolls of identify {unknown}
 g - a scroll of blinking {unknown}
 l - a scroll of amnesia {unknown}
Potions
 b - a potion of heal wounds {unknown}
 c - a potion of ambrosia {unknown}
 e - a potion of curing {unknown}
 j - 2 potions of lignification {unknown}


   Skills:
 + Level 4.4 Dodging
 + Level 4.6 Stealth
 + Level 5.1 Spellcasting
 + Level 2.9 Hexes
 + Level 4.8 Ice Magic


You had 11 spell levels left.
You knew the following spells:

 Your Spells              Type           Power      Damage    Failure   Level
a - Freeze                Ice            96%        1d11      1%          1
b - Frozen Ramparts       Ice            48%        1d6       4%          3

Your spell library contained the following spells:

 Spells                   Type           Power      Damage    Failure   Level
 Ozocubu's Armour         Ice            24%        N/A       4%          3
 Tukima's Dance           Hex            17%        N/A       10%         3
 Corpse Rot               Necr/Air       10%        N/A       17%         2
 Poisonous Vapours        Pois/Air       10%        N/A       17%         2
 Hailstorm                Conj/Ice       14%        3d5       38%         4
 Anguish                  Hex/Necr       5%         N/A       52%         4
 Enfeeble                 Hex            8%         N/A       100%        7


Dungeon Overview and Level Annotations

Branches:
Dungeon (4/15)
 Temple: D:4-7

Altars:
Cheibriados
Hepliaklqana

Shops:
D:2 (   D:3 :

Annotations:
D:4 Menkaure


Message History

Your body is wracked with pain!
Your frozen ramparts will break if you move.
Continue? [Y]es or [N]o only, please.
Your frozen ramparts will break if you move.
Continue?
Okay, then.
Menkaure completely resists.
The wall freezes Menkaure but does no damage.
Menkaure calls on the powers of darkness!
The endoplasm convulses!
Your body is wracked with pain!
Menkaure resists.
The wall freezes Menkaure.
Menkaure calls on the powers of darkness!
Your body is wracked with pain!
* * * LOW HITPOINT WARNING * * *
Your frozen ramparts will break if you move.
Continue?
The frozen ramparts melt away as you move.
You are too injured to fight recklessly!
You are too injured to fight recklessly!
Casting: Frozen Ramparts (dangerous; 4% risk of failure)
Confirm with . or Enter, or press ? or * to list all spells.
Casting: Frozen Ramparts (dangerous; 4% risk of failure)
Press: ? - help, Dir - look around, f - activate
Okay, then.
Casting: Frozen Ramparts (dangerous; 4% risk of failure)
Confirm with . or Enter, or press ? or * to list all spells.
Aiming: Freeze (safe; 1% risk of failure)
Press: ? - help, Shift-Dir - straight line, f - Menkaure
Aim: Menkaure (lightly damaged)
You freeze Menkaure.
Menkaure resists.
Menkaure is lightly damaged.
Casting: Freeze (safe; 1% risk of failure)
Confirm with . or Enter, or press ? or * to list all spells.
Aiming: Freeze (safe; 1% risk of failure)
Press: ? - help, Shift-Dir - straight line, f/p - Menkaure
Aim: Menkaure (lightly damaged)
You freeze Menkaure.
Menkaure resists.
Menkaure is lightly damaged.
Menkaure misses you. Menkaure casts a spell at you.
Pain shoots through your body!
You die...

#.#
#.#
#.#
#.#
#.#
#.#
#.#
#.#
#.#
#)#
#.#
#.#
#.#
#@#
#.#
#M#
#J#
#.#
#.#
#.#
#.#
#.#


You could see Menkaure and an endoplasm.

Vanquished Creatures
  2 scorpions (D:4)
  A jelly (D:4)
  An orc priest (D:4)
  A gnoll (D:1)
  A howler monkey skeleton (D:4)
  2 adders (D:3)
  An adder skeleton (D:4)
  3 worms
  2 dart slugs
  11 orcs
  3 bats
  4 endoplasms
  5 giant cockroaches
  5 goblins
  5 hobgoblins
  4 quokkas
  7 ball pythons
  5 frilled lizards
  5 kobolds
68 creatures vanquished.

Vanquished Creatures (others)
  4 toadstools (D:1)
4 creatures vanquished.

Grand Total: 72 creatures vanquished

Notes
Turn   | Place    | Note
-------+----------+-------------------------------------------
     0 | D:1      | GilGalad the Deep Elf Ice Elementalist began the quest for
                  | the Orb.
     0 | D:1      | Reached XP level 1. HP: 10/10 MP: 6/6
   359 | D:1      | Reached XP level 2. HP: 11/15 MP: 2/8
   559 | D:1      | Found a faded altar of an unknown god.
  1439 | D:2      | Found Qotripre's Weapon Emporium.
  1614 | D:2      | Reached XP level 3. HP: 19/19 MP: 8/10
  2361 | D:3      | Reached XP level 4. HP: 24/24 MP: 8/11
  2534 | D:3      | Reached skill level 4 in Spellcasting
  2981 | D:3      | Found Puupsyil's Book Boutique.
  3190 | D:4      | Reached skill level 1 in Hexes
  3592 | D:4      | Noticed an orc warrior
  3645 | D:4      | Learned a level 3 spell: Frozen Ramparts
  3725 | D:4      | Noticed a scorpion
  3764 | D:4      | Reached XP level 5. HP: 28/28 MP: 6/13
  4066 | D:4      | Noticed a phantom
  4137 | D:4      | Found a hazy altar of Hepliaklqana.
  4191 | D:4      | Found a snail-covered altar of Cheibriados.
  4343 | D:4      | Reached skill level 5 in Spellcasting
  4343 | D:4      | Reached XP level 6. HP: 32/32 MP: 10/15
  4913 | D:4      | Noticed Menkaure
  4949 | D:4      | Killed from afar by Menkaure

Illustrated notes

Levels and vault maps discovered:
D:1:      ldierk_walled_garden_2, layout_rooms,
          nicolae_ecumenical_snake_handling,
          nicolae_concentric_dashed_squares_mild, minmay_misc_feat_five,
          nrook_mini_vaults, grunt_decor_fettered
D:2:      layout_basic, serial_shops, shop
D:3:      cheibrodos_helix_gallery, layout_rooms, serial_shops, shop
D:4:      layout_basic, kennysheep_slug_shrine, nzn_hepliaklqana_mist_gate,
          serial_corexii_hall, corexii_hall_statues_l,
          chequers_hall_statues_corner_a, uniq_menkaure

Skill      XL: |  1  2  3  4  5 |
---------------+----------------+-----
Stealth        | 3 4 |  4.6
Dodging        | 3 4 |  4.4
Spellcasting   | 4 5 |  5.1
Hexes          | 1 2 |  2.9
Ice Magic      | |  4.8

Action                   |  1- 3 |  4- 6 || total
-------------------------+-------+-------++-------
Melee: Unarmed           |     3 |     4 ||     7
       Dagger            |       |     4 ||     4
       Hand axe          |       |     7 ||     7
 Cast: Freeze            |    58 |    75 ||   133
       Frozen Ramparts   |       |    12 ||    12
Armor: Robe              |    10 |    18 ||    28
Dodge: Dodged            |    28 |    49 ||    77
